 Dungeon Crawl Stone Soup version 0.29.0-15-g675c0067aa (webtiles) character file.

Game seed: 11482597597201976962

38 qw the Sneak (level 3, -2/23 HPs)
             Began as a Gargoyle Delver on Sept 11, 2022.
             Slain by a hound (3 damage)
             ... on level 5 of the Dungeon.
             The game lasted 00:00:03 (83 turns).

qw the Sneak (Gargoyle Delver)                        Turns: 83, Time: 00:00:04

Health: -2/23      AC:  6    Str: 17    XL:     3   Next: 43%
Magic:  3/3        EV: 11    Int: 10    God:
Gold:   9          SH:  0    Dex: 11    Spells: 2/2 levels left

rFire   . . .      SeeInvis .   a - +0 hand axe
rCold   . . .      Faith    .   (no shield)
rNeg    + . .      Spirit   .   b - +0 leather armour
rPois   inf        Reflect  .   (no helmet)
rElec   +          Harm     .   (no cloak)
rCorr   .          Rampage  .   (no gloves)
Will    .....                   (no boots)
Stlth   +++.......              (no amulet)
HPRegen 0.07/turn               (no ring)
MPRegen 0.08/turn               (no ring)

@: no status effects
A: sickness immunity, AC +3, negative energy resistance 1, electricity
resistance, torment resistance 1, petrification resistance
a: no special abilities


You were on level 5 of the Dungeon.
You visited 1 branch of the dungeon, and saw 1 of its levels.

You collected 9 gold pieces.


Innate Abilities, Weirdness & Mutations

You are immune to sickness and miasma.
Your stone body is resilient. (AC +3)
You are immune to poison.
You resist negative energy. (rN+)
You are resistant to electric shocks. (rElec)
You are resistant to unholy torment.
You are immune to petrification.


   Skills:
 - Level 3.2 Fighting
 + Level 3.4 Axes
 - Level 1.5 Dodging
 - Level 5.4 Stealth


You had 2 spell levels left.
You didn't know any spells.
Your spell library was empty.

Inventory:

Hand Weapons
 a - a +0 hand axe (weapon)
Armour
 b - a +0 leather armour (worn)
Wands
 g - a wand of digging (3)
Scrolls
 c - a scroll of fog
 d - a scroll of magic mapping
 e - a scroll of fear
Potions
 f - a potion of haste
 h - a potion of brilliance {unknown}
 i - 2 potions of cancellation {unknown}

Dungeon Overview and Level Annotations

Branches:
Dungeon (5/15)
 Temple: D:4-7

Altars:

Shops:
D:5 =


Message History

The howler monkey hits you but does no damage.
You hit the howler monkey but do no damage.
The howler monkey hits you but does no damage.
You slash the howler monkey!
The howler monkey is moderately wounded.
The howler monkey hits you.
The howler monkey hoots and howls with incredible vigour!
You hit the howler monkey.
The howler monkey is severely wounded.
The howler monkey barely misses you.
You slash the howler monkey!
You kill the howler monkey!
A hound comes into view.
Your Axes skill gained 2 levels and is now at level 3!
You have reached level 2!
You have reached level 3!
Your experience leads to an increase in your attributes!
Increase (S)trength, (I)ntelligence, or (D)exterity?
You feel stronger. x2
You start resting.
A centaur comes into view.
79 ||| Stepping ~*~*~tactically~*~*~ (stealth).
A phantom comes into view.
You hit the hound.
The hound is lightly wounded.
The hound bites you but does no damage. x2
The centaur shouts!
You hit the hound.
The hound is moderately wounded.
The centaur wields a +0 shortbow.
The centaur shoots an arrow.
The arrow hits you! The hound completely misses you.
You hit the hound.
The hound is heavily wounded.
The hound barely misses you.
The centaur shoots an arrow.
The arrow hits you. The hound misses you.
The centaur shoots an arrow.
The arrow hits you.
You barely miss the hound.
The hound is heavily wounded.
The hound stops to sniff the ground.
The hound barely misses you.
The centaur shoots an arrow.
The arrow hits you but does no damage. The hound bites you.
You die...

...#....#....##
##......##..##
##......#....##
##............#####
.........##.....#.###
..........#.........##
.###....#...#$.......##
####.#####.........#
... #...@...## ...##
#[c##h....# ..###
#..#.W....# ...
c..###....!..# ....
.... ......... .....
......... ....#
.......#. #.##..###


You could see a phantom, a centaur and a hound.

Vanquished Creatures
  A howler monkey (D:5)
1 creature vanquished.

Notes
Turn   | Place    | Note
-------+----------+-------------------------------------------
     0 | D:5      | qw the Gargoyle Delver began the quest for the Orb.
     0 | D:5      | Reached XP level 1. HP: 14/14 MP: 1/1
     0 | D:5      | 0 ||| qw: Version: 0.1-a-118-gb4e7ce6
     0 | D:5      | 0 ||| qw: Game counter: 10279
     0 | D:5      | 0 ||| qw: Always use a shield: true
     0 | D:5      | 0 ||| qw: God list: Okawaru
     0 | D:5      | 0 ||| qw: Allow faded altars: false
     0 | D:5      | 0 ||| qw: Do Orc after D:15 true
     0 | D:5      | 0 ||| qw: Do second Lair branch before Depths: true
     0 | D:5      | 0 ||| qw: Lair rune preference: random
     0 | D:5      | 0 ||| qw: Plans: Normal
     0 | D:5      | 0 ||| PLANNING D:1-11
     4 | D:5      | 4 ||| SHOPLISTING +4 ring of slaying (1092 gold, have 0).
     4 | D:5      | 4 ||| SHOPLISTING amulet "Nyxte" {Acrobat Dex+5 Slay-6
                  | SInv} (420 gold, have 0).
     4 | D:5      | 4 ||| SHOPLISTING amulet of reflection (420 gold, have 0).
     4 | D:5      | 4 ||| SHOPLISTING ring "Leol" {rC+ Will+ Int+4 Dex+3} (751
                  | gold, have 0).
     4 | D:5      | 4 ||| SHOPLISTING ring of Vunuc {Fly rC- Will+ Stlth+} (362
                  | gold, have 0).
     4 | D:5      | 4 ||| SHOPLISTING ring of protection from fire (350 gold,
                  | have 0).
     4 | D:5      | 4 ||| SHOPLISTING ring of see invisible (210 gold, have 0).
     4 | D:5      | 4 ||| SHOPLISTING ring of willpower (350 gold, have 0).
    55 | D:5      | Noticed a howler monkey
    76 | D:5      | Killed a howler monkey
    76 | D:5      | Noticed a hound
    77 | D:5      | Reached skill level 3 in Axes
    77 | D:5      | Reached XP level 2. HP: 15/19 MP: 2/2
    77 | D:5      | Reached XP level 3. HP: 18/23 MP: 3/3
    78 | D:5      | Noticed a centaur
    79 | D:5      | 79 ||| Stepping ~*~*~tactically~*~*~ (stealth).
    79 | D:5      | Noticed a phantom
    82 | D:5      | HP: 4/23 [centaur/arrow (4)]
    82 | D:5      | HP: 1/23 [centaur/arrow (3)]
    83 | D:5      | Slain by a hound

Levels and vault maps discovered:
D:5:      layout_cave_pools, okawaru_metal_pillars_1_2, serial_shops, shop

Skill      XL: |  1 |
---------------+----+-----
Axes           | 3 |  3.4
Fighting       | |  3.2
Dodging        | |  1.5
Stealth        | |  5.4

Action                   || total
-------------------------++-------
Melee: Hand axe          ||    13
Armor: Leather armour    ||     6
Dodge: Dodged            ||     8

Table legend:
 A = Non-vault XP
 B = Vault XP
 C = Vault XP percentage of total XP
 D = Non-vault monster count
 E = Vault monster count
 F = Vault count percentage of total count
                 A         B        C        D         E       F
            +---------+---------+-------+---------+---------+-------
      Total |      55 |       0 |   0.0 |       1 |       0 |   0.0
            +---------+---------+-------+---------+---------+-------
        D:5 |      55 |       0 |   0.0 |       1 |       0 |   0.0
            +---------+---------+-------+---------+---------+-------
